 Dungeon Crawl Stone Soup version 0.28.0-53-g5a82cb258f (webtiles) character file.

Game seed: 4270223489367379528

63 Kropotin the Sneak (level 3, -1/14 (16) HPs)
             Began as a Spriggan Enchanter on Aug 5, 2022.
             Killed from afar by Natasha (5 damage)
             ... with a magic dart
             ... on level 2 of the Dungeon.
             The game lasted 00:08:28 (2878 turns).

Kropotin the Sneak (Spriggan Enchanter)             Turns: 2878, Time: 00:08:29

HP:   -1/14 (16)    AC:  2    Str:  4    XL:     3   Next: 87%
MP:   2/8           EV: 17    Int: 18    God:
Gold: 63            SH:  0    Dex: 15    Spells: 2/8 levels left

rFire   . . .      SeeInvis +   a - +1 dagger
rCold   . . .      Faith    .   (no shield)
rNeg    . . .      Spirit   .   b - +0 robe
rPois   .          Reflect  .   (helmet restricted)
rElec   .          Harm     .   (no cloak)
rCorr   .          Rampage  .   (gloves unavailable)
Will    .....                   (boots unavailable)
Stlth   +++.......              (no amulet)
HPRegen 0.04/turn               (no ring)
MPRegen 0.11/turn               (no ring)

@: heavily drained, very quick
A: very small, no large weapons, unfitting armour, see invisible, speed 3
a: no special abilities


You were on level 2 of the Dungeon.
You visited 1 branch of the dungeon, and saw 2 of its levels.

You collected 63 gold pieces.

Inventory:

Hand Weapons
 a - a +1 dagger (weapon)
 w - a +2 short sword of draining
Missiles
 d - 18 arrows
 e - 25 stones (quivered)
Armour
 b - a +0 robe (worn)
Scrolls
 f - a scroll of teleportation {unknown}
 g - a scroll of vulnerability {unknown}
 h - 2 scrolls of amnesia {unknown}
Potions
 c - a potion of invisibility


   Skills:
 - Level 2.0 Short Blades
 - Level 3.0 Dodging
 * Level 5.7 Stealth
 + Level 3.3 Spellcasting
 + Level 4.1 Hexes


You had 2 spell levels left.
You knew the following spells:

 Your Spells              Type           Power      Damage    Failure   Level
a - Ensorcelled Hibernat  Hex/Ice        20%        N/A       11%         2
b - Slow                  Hex            72%        N/A       2%          1
c - Confusing Touch       Hex            18%        N/A       9%          3

Your spell library contained the following spells:

 Spells                   Type           Power      Damage    Failure   Level
 Tukima's Dance           Hex            18%        N/A       9%          3
 Dazzling Flash           Conj/Hex       20%        N/A       21%         3
 Vampiric Draining        Necr           2%         2d6       43%         3


Dungeon Overview and Level Annotations

Branches:
Dungeon (2/15)

Altars:

Shops:
D:1 (

Annotations:
D:2 Natasha


Innate Abilities, Weirdness & Mutations

You are very small and have problems with some larger weapons.
You are too small for most types of armour.
You have supernaturally acute eyesight. (SInv)
You cover ground extremely quickly. (Speed+++)


Message History

No target in view!
Found a chain mail.
The rat misses you.
You closely miss the rat. The rat bites you but does no damage.
You hit the rat.
You kill the rat!
No target in view!
No target in view!
You open the door.
There is an open door here.
You see here a +0 chain mail.
You open the door.
Found a stone staircase leading down.
There is an open door here.
Natasha, Servant of Life and Death comes into view.
Natasha stares at you and mumbles some strange words.
The magic dart hits you!
Ouch! That really hurt!
* * * LOW HITPOINT WARNING * * *
Casting: Ensorcelled Hibernation (safe; 11% risk of failure)
Confirm with . or Enter, or press ? or * to list all spells.
Aiming: Ensorcelled Hibernation (safe; 11% risk of failure)
Press: ? - help, Shift-Dir - straight line, f - Natasha
Aim: Natasha (chance to affect: 44%) Natasha resists with some effort.
Casting: Ensorcelled Hibernation (safe; 11% risk of failure)
Confirm with . or Enter, or press ? or * to list all spells.
Aiming: Ensorcelled Hibernation (safe; 11% risk of failure)
Press: ? - help, Shift-Dir - straight line, f/p - Natasha
Aim: Natasha (chance to affect: 44%) Natasha resists with some effort.
Casting: Ensorcelled Hibernation (safe; 11% risk of failure)
Confirm with . or Enter, or press ? or * to list all spells.
Aiming: Ensorcelled Hibernation (safe; 11% risk of failure)
Press: ? - help, Shift-Dir - straight line, f/p - Natasha
Aim: Natasha (chance to affect: 44%) Natasha resists with some effort.
Natasha stares at you and mumbles some strange words.
The magic dart hits you.
You die...

######### #.......#
####### #.......#
#8#8#8#8 #.......#
###.#.#.#. #.......#
#.........
#.......######.#.#.#.#.
#....h.......'.#8#8#8#8
#.....@..#####.#######
#........# #.....# #
####.#+#.#####.....####
#. #>....'[........ #
#.#####..†..#### #.#
#.....# # #.# ####### #
#.# #.#


You could see Natasha.

Vanquished Creatures
  Robin (D:2)
  2 dart slugs (D:1)
  3 endoplasms
  A giant cockroach (D:2)
  8 hobgoblins
  3 jackals (D:1)
  2 quokkas
  5 ball pythons (D:1)
  2 bats (D:2)
  3 frilled lizards
  9 goblins
  3 kobolds
  3 rats
45 creatures vanquished.

Notes
Turn   | Place    | Note
-------+----------+-------------------------------------------
     0 | D:1      | Kropotin the Spriggan Enchanter began the quest for the
                  | Orb.
     0 | D:1      | Reached XP level 1. HP: 9/9 MP: 5/5
   683 | D:1      | Reached XP level 2. HP: 13/13 MP: 6/6
   686 | D:1      | Learned a level 2 spell: Ensorcelled Hibernation
   822 | D:1      | Found Dacet's Weapon Shop.
   857 | D:1      | Reached skill level 5 in Stealth
  1166 | D:1      | Reached XP level 3. HP: 4/16 MP: 1/8
  1744 | D:2      | Learned a level 1 spell: Slow
  1748 | D:2      | Learned a level 3 spell: Confusing Touch
  1760 | D:2      | Noticed Robin
  2075 | D:2      | Killed Robin
  2872 | D:2      | Noticed Natasha
  2878 | D:2      | Killed from afar by Natasha

Illustrated notes

Levels and vault maps discovered:
D:1:      heliophobic_arrival_ceremonial_halls, layout_loops_ring, serial_shops,
          nicolae_shop_stone, amethyst_killhole, st_stairs_5
D:2:      layout_basic, minmay_misc_feat_hallway, uniq_natasha, uniq_robin

Skill      XL: |  1  2  3 |
---------------+----------+-----
Stealth        | 5 |  5.7
Spellcasting   | 3 |  3.3
Dodging        | 3 |  3.0
Hexes          | 4 |  4.1
Short Blades   | 2 |  2.0

Action                   || total
-------------------------++-------
Melee: Dagger            ||   134
       Punch             ||     3
 Cast: Ensorcelled Hiber ||    33
 Stab: Sleeping          ||    24
Armor: Robe              ||     7
Dodge: Dodged            ||    96
